 Dungeon Crawl Stone Soup version 0.32-a0-85-g672eff3212 (webtiles) character file.

Game seed: 3838334022575597393

35952 senseless the Arsonist (level 13, 0/97 HPs)
             Began as a Red Draconian Fire Elementalist on Feb 5, 2024.
             Was the Champion of Hepliaklqana.
             Killed from afar by an oklob plant (14 damage)
             ... with a splash of acid
             ... on level 4 of the Lair of Beasts on Feb 6, 2024.
             The game lasted 01:17:04 (19860 turns).

senseless the Arsonist (DrFE)                      Turns: 19860, Time: 01:17:06

Health: 0/97       AC: 15    Str:  7    XL:     13   Next: 50%
Magic:  18/27      EV: 15    Int: 22    God:    Hepliaklqana [******]
Gold:   724        SH:  5    Dex: 12    Spells: 20/33 levels left

rFire   + + +        a - staff of fire
rCold   . . .        (no shield)
rNeg    . . .        (body armour unavailable)
rPois   .            M - +2 hat
rElec   .            v - +1 cloak
rCorr   .            q - +2 pair of gloves
SInv    +            (no boots)
Will    +....        e - amulet of Lypn {Reflect Will+ Str-5 Int+3 SH+5}
Stlth   ++           p - ring of protection from fire
HPRegen 0.36/turn    n - ring of see invisible
MPRegen 0.20/turn

%: reflection
@: about to teleport, studying Earth Magic
A: reduced essence, breathe fire, AC +8, unfitting armour, fire resistance 1,
cold-blooded
a: Breathe Fire, Renounce Religion, Recall Ancestor, Ancestor Identity,
Transference, Idealise


You were on level 4 of the Lair of Beasts.
You worshipped Hepliaklqana.
Hepliaklqana was exalted by your worship.
You visited 2 branches of the dungeon, and saw 16 of its levels.

You collected 1069 gold pieces.
You spent 345 gold pieces at shops.

Inventory:

Hand Weapons
 b - a +3 spear
 I - a +1 long sword of flaming
 J - a +4 short sword of speed
 O - the +7 flail "Cufizug" {flame, *Noise Fly rPois rF+}
   (You found it on level 1 of the Lair of Beasts)

   rF+:       It protects you from fire.
   rPois:     It protects you from poison Fly: It grants you flight.
   *Noise:    It may make a loud noise when swung.
Armour
 k - an orb of light
 q - a +2 pair of gloves (worn)
 v - a +1 cloak (worn)
 M - a +2 hat (worn)
Magical Staves
 a - a staff of fire (weapon)
 l - a staff of conjuration
Jewellery
 e - the amulet of Lypn (around neck) {Reflect Will+ Str-5 Int+3 SH+5}
   (You acquired it on level 4 of the Dungeon)

   [amulet of reflection]

   Reflect:   It reflects blocked missile attacks.
   Str-5:     It affects your strength (-5).
   Int+3:     It affects your intelligence (+3).
   Will+:     It increases your willpower.
   SH+5:      It affects your SH (+5).
 i - an amulet of reflection
 n - a ring of see invisible (right hand)
 p - a ring of protection from fire (left hand)
 P - an amulet of the acrobat
Wands
 g - a wand of paralysis (17)
 m - a wand of flame (50)
 t - a wand of mindburst (17)
 y - a wand of iceblast (22)
 z - a wand of polymorph (5)
Scrolls
 h - 6 scrolls of vulnerability
 j - a scroll of immolation
 u - 4 scrolls of teleportation
 x - 4 scrolls of blinking
 B - a scroll of revelation
 D - a scroll of poison
 E - 2 scrolls of identify
 F - a scroll of enchant weapon
 G - a scroll of fog
 Q - a scroll of fear
Potions
 c - a potion of haste
 d - a potion of brilliance
 f - 2 potions of invisibility
 o - 4 potions of resistance
 r - a potion of cancellation
 s - 3 potions of heal wounds
 w - 2 potions of curing
 A - a potion of berserk rage
 C - a potion of lignification
 H - a potion of might
 N - a potion of enlightenment
Miscellaneous
 K - a lightning rod (4/4)


   Skills:
 + Level 8.4 Fighting
 + Level 4.8 Staves
 + Level 7.7 Dodging
 - Level 4.0 Stealth
 * Level 10.5 Spellcasting
 * Level 10.6 Conjurations
 * Level 12.9 Fire Magic
 + Level 3.6 Air Magic
 + Level 6.3 Evocations


You had 20 spell levels left.
You knew the following spells:

 Your Spells              Type           Power      Damage    Failure   Level
a - Foxfire               Conj/Fire      100%       2x1d9     1%          1
b - Scorch                Fire           100%       2d9       1%          2
c - Flame Wave            Conj/Fire      76%        2d17      1%          4
d - Starburst             Conj/Fire      38%        6d11      7%          6

Your spell library contained the following spells:

 Spells                   Type           Power      Damage    Failure   Level
 Sting                    Conj/Alch      100%       1d9       1%          1
 Hailstorm                Conj/Ice       34%        3d8       1%          3
 Inner Flame              Hex/Fire       56%        N/A       1%          3
 Volatile Blastmotes      Fire/Tloc      100%       2d18      1%          3
 Mephitic Cloud           Conj/Alch/Air  32%        N/A       2%          3
 Mercury Vapours          Alch/Air       38%        N/A       4%          2
 Summon Blazeheart Golem  Fire/Summ      56%        N/A       4%          4
 Freeze                   Ice            44%        1d6       6%          1
 Lesser Beckoning         Tloc           22%        N/A       9%          2
 Frozen Ramparts          Ice            22%        1d4       17%         3
 Gell's Gravitas          Tloc           11%        N/A       17%         3
 Teleport Other           Tloc           11%        N/A       17%         3
 Freezing Cloud           Conj/Ice/Air   16%        6-21      22%         5
 Plasma Beam              Fire/Air       32%        2x1d45    28%         6
 Olgreb's Toxic Radiance  Alch           11%        N/A       50%         4
 Orb of Destruction       Conj           27%        9d9       54%         7
 Spellforged Servitor     Conj/Summ      17%        N/A       99%         7


Dungeon Overview and Level Annotations

Branches:
Dungeon (12/15)            Temple (0/1) D:5            Lair (4/5) D:9
  Swamp (0/4) Lair:3        Snake (0/4) Lair:2        Slime (0/5) Lair:4
    Orc (0/2) D:11

Altars:
Ashenzari
Dithmenos
Elyvilon
Fedhas
Hepliaklqana
Kikubaaqudgha
Nemelex Xobeh
Qazlal
Ru
Trog
Uskayaw
Vehumet
Wu Jian
Xom
Yredelemnul
Zin
The Shining One

Shops:
D:3 *   D:4 :   D:8 [

Annotations:
Lair:4 exclusion: 2 oklob plants


Innate Abilities, Weirdness & Mutations

Your life essence is reduced to manifest your ancestor. (-10% HP)
You can breathe blasts of fire.
Your fiery red scales are hard. (AC +8)
You cannot fit into any form of body armour.
Your flesh is heat resistant. (rF+)
You are cold-blooded and may be slowed by cold attacks.


Message History

The elephant is almost dead.
The elephant's fire resistance burns away.
The elephant tramples you but does no damage.
The elephant barely misses you.
Zola hits the elephant with a +0 flail!
The elephant dies!
A nearby plant withers and dies. x2
Zola blocks the elephant's attack.
The elephant trunk-slaps Zola but does no damage.
A wolf comes into view.
Zola hits the elephant with a +0 flail!
The elephant closely misses Zola.
Zola blocks the elephant's attack. x3
Found 25 gold pieces.
The elephant completely misses Zola.
The elephant closely misses Zola.
Zola hits the elephant with a +0 flail!
You barely miss the wolf. You block the wolf's attack.
The wolf closely misses you.
You hit the wolf but do no damage. You burn the wolf! You tail-slap the wolf.
Your punch misses the wolf.
The wolf is heavily wounded.
The wolf misses you.
You hit the wolf.
The wolf is severely wounded.
The wolf closely misses you. The wolf bites you. The elephant tramples you.
You stumble backwards!
The wolf completely misses you.
An oklob plant comes into view.
Marking area around an oklob plant as unsafe for travelling.
An oklob plant comes into view.
Found a crystal dire flail.
The wolf misses you. x2
The oklob plant spits acid at you. The splash of acid hits you!!
* * * LOW HITPOINT WARNING * * *
Marking area around an oklob plant as unsafe for travelling.
As you read the scroll of teleportation, it crumbles to dust.
You feel strangely unstable. The wolf bites you.
* * * LOW HITPOINT WARNING * * *
You block the wolf's attack. The oklob plant spits acid at you.
The splash of acid hits you!
You die...
Hepliaklqana delivers you to your ancestors.

............
......................P.
.......................P.
......................P.P
.......................P.
.........................
....................$...
.......................)
................@..#
...............PhY.#
......#.Y...##.R.###
......Y.R.Y†.##...#
.......Y#..########
..........## )......#...#
...#......#..#
.......#..#..#


You could see the friendly Zola the knight, an elephant, an oklob plant and a
wolf (ally target).

Vanquished Creatures
  Josephine (D:12)
  A hydra (Lair:2)
  An ice dragon (D:12)
  2 boulder beetles
  5 two-headed ogres
  Sonja (D:11)
  An orc knight (D:11)
  The ghost of seren the Vexing, a novice FoHs of Qazlal (D:5)
  An oklob plant (Lair:1)
  9 elephants
  A black mamba (Lair:2)
  3 cane toads
  2 kobold demonologists (D:12)
  3 komodo dragons
  2 polar bears (D:12)
  2 trolls
  A slime creature (D:12)
  8 blink frogs
  4 wyverns
  A shadow (D:11)
  7 wraiths
  A vampire (D:11)
  32 yaks
  A basilisk (Lair:2)
  12 water moccasins
  An acid dragon (D:8)
  8 orc warriors
  A swamp drake (D:11)
  A black bear (D:7)
  A sky beast (D:8)
  7 wolves
  14 centaurs
  A phantom (D:7)
  A weeping skull (D:7)
  5 kobold brigands
  10 bullfrogs
  2 scorpions
  3 wights (D:9)
  6 killer bees (D:9)
  3 howler monkeys
  2 bombardier beetles (D:4)
  6 orc priests
  3 jellies
  3 hounds
  Ijyb (D:4)
  2 gnoll boudas
  4 iguanas
  A sleepcap (D:4)
  7 orc wizards
  Robin (D:2)
  12 gnolls
  4 adders
  3 white imps
  2 ufetubi (D:5)
  2 dart slugs
  A ribbon worm (D:2)
  26 orcs
  9 ball pythons
  3 endoplasms
  2 giant cockroaches (D:1)
  9 goblins
  13 hobgoblins
  4 jackals (D:2)
  5 quokkas
  9 bats
  2 frilled lizards
  15 kobolds
  5 rats
  A spectral orc (D:7)
324 creatures vanquished.

Vanquished Creatures (collateral kills)
  2 boulder beetles (D:11)
  2 manticores
  2 cyclopes (D:12)
  An elephant (Lair:4)
  A cane toad (Lair:4)
  2 trolls
  A blink frog (Lair:1)
  12 yaks
  2 water moccasins (Lair:2)
  An acid dragon (D:12)
  3 orc warriors
  A black bear (D:9)
  A centaur (D:12)
  A kobold brigand (D:12)
  3 bullfrogs
  A scorpion (D:9)
  A bombardier beetle (D:7)
  2 jellies (Lair:4)
  A hound (D:7)
  An orc priest (D:8)
  An orc wizard (D:9)
  A gnoll (D:5)
  3 orcs
  2 kobolds (D:9)
  17 foxfires
65 creatures vanquished.

Vanquished Creatures (others)
  7 knights
  820 foxfires
827 creatures vanquished.

Grand Total: 1216 creatures vanquished

Notes
Turn   | Place    | Note
-------+----------+-------------------------------------------
     0 | D:1      | senseless the Draconian Fire Elementalist began the quest
                  | for the Orb.
     0 | D:1      | Reached XP level 1. HP: 14/14 MP: 3/3
   222 | D:1      | Reached XP level 2. HP: 20/20 MP: 5/5
   319 | D:1      | Learned a level 2 spell: Scorch
   756 | D:1      | Found a faded altar of an unknown god.
   949 | D:1      | Reached XP level 3. HP: 26/26 MP: 6/6
  1310 | D:2      | Noticed Robin
  1385 | D:2      | Killed Robin
  1595 | D:2      | Reached XP level 4. HP: 33/33 MP: 3/7
  2221 | D:2      | Learned a level 4 spell: Flame Wave
  2238 | D:3      | Identified the flux talisman "Caquodd" {Str+10 Slay-5}
  2699 | D:3      | Found a broken altar of Ashenzari.
  2865 | D:3      | Found Guruof's Assorted Antiques.
  2873 | D:3      | Bought a pair of gloves for 108 gold pieces
  2873 | D:3      | Bought a scroll labelled KEBBIU IBREMM for 24 gold pieces
  2873 | D:3      | Bought a scroll labelled KAWACEU KAMUYN for 24 gold pieces
  2873 | D:3      | Bought a scroll labelled KEBBIU IBREMM for 24 gold pieces
  3214 | D:3      | Reached XP level 5. HP: 38/38 MP: 2/9
  3630 | D:4      | Identified a scroll of acquirement
  3805 | D:4      | Found Ratzor's Vocational Training.
  3817 | D:4      | Acquired the amulet of Lypn {Reflect Will+ Str-5 Int+3
                  | SH+5}
  3893 | D:4      | Noticed a spectral ugly thing
  3894 | D:4      | Noticed a wyvern
  3965 | D:4      | Reached skill level 4 in Fire Magic
  4064 | D:4      | Found a hazy altar of Hepliaklqana.
  4065 | D:4      | Found a shimmering altar of Xom.
  4065 | D:4      | Noticed a wyvern
  4066 | D:4      | Noticed a wyvern
  4066 | D:4      | Noticed a wyvern
  4069 | D:4      | Became a worshipper of Hepliaklqana the Forgotten
  4077 | D:4      | Noticed Ijyb
  4112 | D:4      | Reached XP level 6. HP: 18/45 MP: 3/10
  4580 | D:4      | Killed Ijyb
  4825 | D:3      | Bought 2 scrolls labelled HONKYD VUSI for 48 gold pieces
  5014 | D:4      | Your scales start taking on a fiery red colour.
  5014 | D:4      | Reached skill level 5 in Fire Magic
  5014 | D:4      | Reached XP level 7. HP: 50/50 MP: 7/12
  5014 | D:4      | Gained mutation: Your flesh is heat resistant. (rF+) [Red
                  | Draconian growth]
  5104 | D:5      | Entered Level 5 of the Dungeon
  5142 | D:5      | Found a staircase to the Ecumenical Temple.
  5362 | D:5      | Reached * piety under Hepliaklqana
  5386 | D:5      | Noticed seren's ghost (novice FoHs)
  5393 | D:5      | Found a runed translucent door.
  5886 | D:5      | Reached skill level 1 in Fighting
  6108 | D:5      | Killed seren's ghost
  6109 | D:5      | Reached skill level 6 in Fire Magic
  6109 | D:5      | Reached XP level 8. HP: 55/55 MP: 0/15
  6295 | D:6      | Found an ancient bone altar of Kikubaaqudgha.
  6428 | D:6      | Reached ** piety under Hepliaklqana
  6429 | D:6      | Remembered your ancestor Zola as a knight
  6445 | D:6      | Reached skill level 5 in Spellcasting
  6684 | D:6      | Noticed a +0 dagger
  6685 | D:6      | Found a hide-covered altar of Uskayaw.
  6685 | D:6      | Noticed a +0 dagger
  6725 | D:6      | Found a shadowy altar of Dithmenos.
  6820 | D:6      | Found a stormy altar of Qazlal.
  7063 | D:3      | Bought a lumpy black potion for 21 gold pieces
  7063 | D:3      | Bought a bronze wand for 96 gold pieces
  7582 | D:7      | Found a sacrificial altar of Ru.
  7608 | D:7      | Reached *** piety under Hepliaklqana
  7646 | D:7      | Found a radiant altar of Vehumet.
  8057 | D:7      | Reached XP level 9. HP: 55/63 MP: 12/18
  8138 | D:7      | Found a basalt altar of Yredelemnul.
  8147 | D:7      | Reached skill level 7 in Fire Magic
  8290 | D:8      | Reached skill level 5 in Conjurations
  8389 | D:8      | Found a bloodstained altar of Trog.
  8507 | D:8      | Reached skill level 5 in Dodging
  8612 | D:8      | Found Vysteq's Armour Boutique.
  8636 | D:8      | Reached skill level 1 in Evocations
  9174 | D:8      | Reached **** piety under Hepliaklqana
  9761 | D:9      | Reached skill level 8 in Fire Magic
  9951 | D:9      | Noticed a two-headed ogre
  9959 | D:9      | Killed a two-headed ogre
  9960 | D:9      | Reached skill level 5 in Fighting
  9960 | D:9      | Reached XP level 10. HP: 70/72 MP: 8/20
 10225 | D:9      | Reached skill level 9 in Fire Magic
 10473 | D:9      | Found a sparkling altar of Nemelex Xobeh.
 10549 | D:9      | Found a staircase to the Lair.
 10549 | D:9      | Found the +0 toga "Victory" {*Victory Clar}
 11141 | D:10     | Entered Level 10 of the Dungeon
 11340 | D:10     | Acquired a book of Fire
 11396 | D:10     | Reached XP level 11. HP: 71/80 MP: 4/23
 11720 | D:10     | Learned a level 6 spell: Starburst
 11729 | D:10     | Found a white marble altar of Elyvilon.
 11731 | D:10     | Found a glowing silver altar of Zin.
 11734 | D:10     | Found a glowing golden altar of the Shining One.
 11795 | D:10     | Reached skill level 10 in Fire Magic
 11898 | D:10     | Found an ornate altar of the Wu Jian Council.
 12193 | D:11     | Reached ***** piety under Hepliaklqana
 12413 | D:11     | Noticed an orc knight
 12420 | D:11     | Killed an orc knight
 12423 | D:11     | Reached skill level 1 in Staves
 12764 | D:11     | Noticed Sonja
 12772 | D:11     | Killed Sonja
 12870 | D:11     | Noticed a two-headed ogre
 12874 | D:11     | Killed a two-headed ogre
 13044 | D:11     | Noticed a boulder beetle
 13305 | D:11     | Noticed a two-headed ogre
 13309 | D:11     | Noticed a boulder beetle
 13310 | D:11     | Killed a two-headed ogre
 13434 | D:11     | Killed a boulder beetle
 13482 | D:11     | Killed a boulder beetle
 13638 | D:11     | Found a staircase to the Orcish Mines.
 13663 | D:11     | Reached skill level 11 in Fire Magic
 13683 | D:11     | Noticed a two-headed ogre
 13690 | D:11     | Killed a two-headed ogre
 14152 | D:12     | Noticed a boulder beetle
 14163 | D:12     | Killed a boulder beetle
 14164 | D:12     | Reached XP level 12. HP: 30/90 MP: 10/25
 14364 | D:12     | Noticed a two-headed ogre
 14370 | D:12     | Killed a two-headed ogre
 14371 | D:12     | Reached skill level 5 in Evocations
 14431 | D:12     | Noticed Josephine
 14438 | D:12     | Killed Josephine
 14706 | D:12     | Reached skill level 1 in Air Magic
 15393 | D:12     | Noticed an ice dragon
 15408 | D:12     | Killed an ice dragon
 15713 | Lair:1   | Entered Level 1 of the Lair of Beasts
 15901 | Lair:1   | Reached skill level 12 in Fire Magic
 16149 | Lair:1   | Identified the +7 flail "Cufizug" {flame, *Noise Fly rPois
                  | rF+}
 16325 | Lair:1   | Found a blossoming altar of Fedhas.
 17060 | Lair:2   | Noticed a four-headed hydra
 17066 | Lair:2   | Killed a four-headed hydra
 17214 | Lair:2   | Found a staircase to the Snake Pit.
 17224 | Lair:2   | Reached skill level 10 in Spellcasting
 17225 | Lair:2   | Reached skill level 10 in Conjurations
 17628 | Lair:2   | Noticed a boulder beetle
 17657 | Lair:2   | Killed a boulder beetle
 17658 | Lair:2   | Reached XP level 13. HP: 92/96 MP: 1/27
 19008 | Lair:3   | Found a staircase to the Swamp.
 19670 | Lair:4   | Reached ****** piety under Hepliaklqana
 19768 | Lair:4   | Found a staircase to the Slime Pits.
 19860 | Lair:4   | Killed from afar by an oklob plant

Illustrated notes

Levels and vault maps discovered:
D:1:      shiori_arrival_oz, layout_basic, shapermc_ecumenical_altar_notcrosses,
          serial_bayou_pond_c, nicolae_kite_square_tiling_tiny,
          reono_crystal_passage
D:2:      layout_basic, uniq_robin
D:3:      layout_loops_cross, nicolae_ashenzari_panopticon, serial_shops,
          nicolae_shop_tiny_statue_garden
D:4:      layout_basic, regret_index_temple_of_mockery, nicolae_shop_vocational,
          uniq_ijyb
D:5:      layout_cave_pods, minmay_temple_entry_trees,
          hellmonk_ghost_happy_afterlife, minmay_crystal_water
D:6:      layout_basic, mainiacjoe_overflow_chevrons, grunt_qazlal_sundering,
          amcnicky_altar_gilded, dancing_weapons_uskayaw, serial_glass,
          glass_columns_b, glass_columns_a, chequers_serial_rivers_small_b
D:7:      layout_gridville, mainiacjoe_overflow_brackets,
          yredelemnul_forgotten_temple_becter, hangedman_ru_absence
D:8:      layout_gridville, trog_three_pillars_becter, serial_shops,
          nicolae_shop_rolling_square
D:9:      layout_stronghold, nemelex_altar_shiori,
          grunt_lair_entry_orc_guard_hut, kennysheep_decorative_pillar
D:10:     layout_loops_ring, good_gods_temple_1,
          mainiacjoe_overflow_surrounded_room
D:11:     layout_loops_ring, erik_orc_1, lemuel_old_faithful, uniq_sonja
D:12:     layout_roguey, portal_ice_cave_entry_animals_and_master,
          kennysheep_generic_room_10, uniq_josephine
Lair:1:   layout_regular_city, tgw_fedhas
Lair:2:   layout_regular_city, minmay_snake_entry_six_corridors
Lair:3:   layout_hall_layers, swamp_mist
Lair:4:   beast_lair_carwin_large_2, layout_cave_shapes,
          nicolae_slime_entry_field_trip, dpeg_oklob_1, grunt_megastairs_5

Skill      XL: |  1  2  3  4  5  6  7  8  9 10 11 12 13 |
---------------+----------------------------------------+-----
Stealth        | 2 3 4 |  4.0
Dodging        | 2 3 4 5 6 7 |  7.7
Conjurations   | 2 3 4 6 7 8 10 | 10.6
Spellcasting   | 3 4 6 7 8 9 10 | 10.5
Fire Magic     | 4 5 6 8 9 11 12 | 12.9
Fighting       | 2 3 5 6 7 8 |  8.4
Evocations     | 2 3 4 5 6 |  6.3
Staves         | 2 4 |  4.8
Air Magic      | 2 3 |  3.6

Action                     |  1- 3 |  4- 6 |  7- 9 | 10-12 | 13-15 || total
---------------------------+-------+-------+-------+-------+-------++-------
  Melee: Unarmed           |    28 |       |       |       |       ||    28
         Short sword       |    22 |       |       |       |       ||    22
         Tailslap          |     3 |     7 |       |     4 |     7 ||    21
         Punch             |     2 |     1 |       |       |     2 ||     5
         Hand axe          |    10 |     6 |       |       |       ||    16
         Staff             |       |    54 |     5 |    18 |    28 ||   105
         Spear             |       |       |       |     4 |       ||     4
  Throw: Throwing net      |       |       |       |     1 |       ||     1
   Cast: Foxfire           |    55 |    89 |   175 |   125 |    36 ||   480
         Scorch            |       |    21 |    42 |   149 |    60 ||   272
         Flame Wave        |       |     1 |     4 |    35 |    11 ||    51
         Starburst         |       |       |       |     5 |       ||     5
 Invoke: Ancestor Life: Kn |       |       |     1 |       |       ||     1
         Idealise          |       |       |       |     2 |       ||     2
    Use: Potion            |       |     4 |       |       |     1 ||     5
         Scroll            |       |    12 |    10 |     8 |     7 ||    37
   Stab: Sleeping          |     3 |       |       |       |       ||     3
 Armour: Skin              |    41 |    73 |    19 |    85 |    64 ||   282
  Dodge: Dodged            |    42 |    71 |    14 |    72 |    71 ||   270
  Block: Other             |       |     4 |     4 |    15 |    20 ||    43
         Reflection        |       |       |     1 |     4 |       ||     5

Table legend: (Time is in decaauts)
 A = Elapsed time spent in this place.
 B = Non-inter-level travel time spent in this place.
 C = Inter-level travel time spent in this place.
 D = Time resting spent in this place.
 E = Time spent auto-exploring this place.
 F = Levels seen in this place.
 G = Mean time per level.
                   A        B        C        D        E       F      G
               +--------+--------+--------+--------+--------+-----+--------+
         Total |  19900 |  19130 |    770 |   1069 |  15819 |  16 | 1243.8 |
       Dungeon |  15754 |  15051 |    703 |    925 |  12400 |  12 | 1312.8 |
          Lair |   4145 |   4078 |     67 |    144 |   3419 |   4 | 1036.2 |
               +--------+--------+--------+--------+--------+-----+--------+

Top non-repeatable levels by time:
    D:11: 1810 daAuts
     D:9: 1635 daAuts
     D:4: 1549 daAuts
    D:12: 1516 daAuts
  Lair:1: 1324 daAuts
     D:8: 1318 daAuts
  Lair:3: 1291 daAuts
     D:3: 1259 daAuts
     D:2: 1244 daAuts
    D:10: 1214 daAuts
  Lair:2: 1211 daAuts
     D:1: 1203 daAuts
     D:5: 1199 daAuts
     D:7: 999 daAuts
     D:6: 802 daAuts
